 Dungeon Crawl Stone Soup version 0.17.2-1-ge4368a0 (webtiles) character file.

193 Goblin1989 the Skirmisher (level 5, 0/43 HPs)
             Began as a Demonspawn Assassin on July 27, 2017.
             Was a Believer of Nemelex Xobeh.
             Slain by an orc
             ... wielding a +0 hand axe
              (8 damage)
             ... on level 4 of the Dungeon.
             The game lasted 00:17:38 (1794 turns).

Goblin1989 the Skirmisher (Demonspawn Assassin)     Turns: 1794, Time: 00:17:38

Health: 0/43       AC:  4    Str: 11    XL:     5   Next: 43%
Magic:  6/6        EV:  7    Int: 12    God:    Nemelex Xobeh [**....]
Gold:   184        SH:  0    Dex: 16    Spells: 0 memorised, 4 levels left

rFire  + . .     SeeInvis .     a - +2 dagger (venom)
rCold  . . .     Clarity  .     c - +0 robe
rNeg   . . .     SustAt   .     (no shield)
rPois  .         Gourm    .     (no helmet)
rElec  .         Spirit   .     d - +0 cloak
rCorr  .         Warding  .     (no gloves)
rMut   .         Stasis   .     k - +0 pair of boots
MR     .....                    (no amulet)
Stlth  +++.......               (no ring)
                                (no ring)

@: not resistant to hostile enchantments, fairly stealthy
A: fire resistance 1, powered by pain 1, flame cloud immunity
a: Renounce Religion


You were on level 4 of the Dungeon.
You worshipped Nemelex Xobeh.
Nemelex Xobeh was pleased with you.
You were very hungry.

You visited 1 branch of the dungeon, and saw 4 of its levels.

You collected 184 gold pieces.

Inventory:

Hand Weapons
 a - a +2 dagger of venom (weapon)
 f - a +0 whip of electrocution
 t - a cursed -3 whip
 w - a +0 blowgun {@w1}
Missiles
 g - 5 poisoned needles
 x - a curare-tipped needle
Armour
 c - a +0 robe (worn)
 d - a +0 cloak (worn)
 k - a +0 pair of boots (worn)
Wands
 P - a wand of paralysis (1)
Scrolls
 b - 2 scrolls of immolation {unknown}
 j - 4 scrolls of teleportation {unknown}
 l - 4 scrolls of remove curse {@r2}
 m - 4 scrolls of identify {unknown}
 s - a scroll of enchant weapon {unknown}
 v - a scroll of fog {unknown}
 y - 2 scrolls of fear {unknown}
 A - a scroll of enchant armour {unknown}
 B - a scroll of recharging {unknown}
Potions
 i - 2 potions of curing {@q1}
 n - a potion of resistance {unknown}
 o - a potion of might {unknown}
 p - a potion of agility {unknown}
 r - a potion of cancellation {unknown}
 z - 2 potions of lignification {unknown}
 C - a potion of degeneration {unknown}
Miscellaneous
 q - a plain deck of destruction
 u - a plain deck of war
Comestibles
 e - 3 bread rations {@e1}
 h - a slice of pizza
 D - a royal jelly


   Skills:
 + Level 4.4 Fighting
 - Level 1.7 Short Blades
 - Level 1.7 Throwing
 + Level 1.6 Dodging
 - Level 4.0 Stealth
 + Level 2.3 Evocations


You had 4 spell levels left.
You didn't know any spells.

Dungeon Overview and Level Annotations

Branches:
Dungeon (4/15)
 Temple: D:4-7

Altars:
Ashenzari
Makhleb
Nemelex Xobeh
Qazlal


Innate Abilities, Weirdness & Mutations

Your flesh is heat resistant.
You sometimes gain a little power by taking damage.
You are immune to clouds of flame.


Message History

You take 1 damage, and have 18/42 hp.
You feel sick.
You take 1 damage, and have 17/42 hp.
You feel sick.
You hit the giant cockroach.
The giant cockroach is poisoned.
The giant cockroach is lightly wounded.
The giant cockroach barely misses you.
An orc comes into view. It is wielding a club.
You feel sick.
You kill the giant cockroach!
You take 1 damage, and have 16/42 hp.
Unknown command.
You feel sick.
D - a royal jelly You take 1 damage, and have 15/42 hp.
There are no items here.
You feel sick.
You take 1 damage, and have 15/42 hp.
You open the door.
A worm and 3 orcs come into view.
The orc shouts!
An orc priest and an orc wizard come into view.
There is an open door here.
You feel sick.
You take 1 damage, and have 14/42 hp.
You feel sick.
You take 1 damage, and have 14/42 hp.
You feel sick.
You are no longer poisoned.
You take 1 damage, and have 13/42 hp.
You hear the slow hiss of a very distant avalanche of sand.
You hit the orc.
The orc is heavily wounded.
You barely miss the orc.
The orc is heavily wounded.
The orc barely misses you.
You hit the orc.
The orc is poisoned.
The orc is severely wounded.
The orc hits you with a hand axe.
* * * LOW HITPOINT WARNING * * *
You take 2 damage, and have 13/42 hp.
You hit the orc.
You kill the orc!
There is a stone staircase leading up here.
You now have 184 gold pieces (gained 7).
You open the door.
There is an open door here.
There is an open door here.
An orc wizard opens the door.
The orc priest looks braver for a moment.
The orc priest hits you with a dagger.
* * * LOW HITPOINT WARNING * * *
You take 1 damage, and have 16/42 hp.
The orc wizard shouts!
The orc shouts!
You hit the orc priest.
The orc priest is poisoned.
The orc priest is lightly wounded.
The orc priest hits you with a dagger.
* * * LOW HITPOINT WARNING * * *
You take 2 damage, and have 14/42 hp.
You are feeling very hungry.
You hit the orc priest.
The orc priest is moderately wounded.
The orc priest hits you with a dagger.
* * * LOW HITPOINT WARNING * * *
The orc wizard mumbles some strange words.
The orc wizard flickers and vanishes!
Deactivating autopickup; reactivate with Ctrl-A.
You take 4 damage, and have 10/42 hp.
Wield which item (- for none, * to show all)? (? for menu, Esc to quit)
Your +2 dagger of venom stops dripping with poison.
w - a +0 blowgun (weapon)
{@w1} Quiver which item? (- for none, * to show all) (? for menu, Esc to quit)
Quivering
x - 2 curare-tipped needles for blowguns.
Firing (i - inventory. (,) - cycle):
x - 2 curare-tipped needles (quivered)
Press: ? - help, Shift-Dir - straight line, f - orc priest
Aim: an orc priest, wielding a dagger (moderately wounded, poisoned)
You shoot a curare-tipped needle.
The curare-tipped needle hits the orc priest.
The orc priest looks even sicker.
The orc priest convulses.
The orc priest seems to slow down.
The orc priest is severely wounded.
The orc priest hits you with a dagger.
* * * LOW HITPOINT WARNING * * *
You take 3 damage, and have 8/42 hp.
It begins to drip with poison!
a - a +2 dagger of venom (weapon)
You hear the slow hiss of a very distant avalanche of sand.
You hit the orc priest.
You kill the orc priest!
The orc throws a tomahawk of returning.
The tomahawk of returning barely misses you.
The weapon returns to the orc!
Unknown command.
The orc barely misses you.
There is a stone staircase leading up here.
Things that are here:
a dagger; a curare-tipped needle; an orc corpse The orc hits you with a hand axe!
You die...
Your body disappears without a glow.

..........█............█
...█.█....█............█ ..
..........████∆██......█...
....█...........█......█...
....█...........█).........
...████...██....█...█.█.███
...████...██....█..........
.....█....█.....█oo.█.█....
.....█......███.@██........
.....█......█Ψ█..████.█....
.....█....█.███..█ ......
.....∆....█......█ ██....
███████████......█ ....


████████ ███ You could see 2 orcs.

Vanquished Creatures
  An orc wizard (D:3)
  An orc priest (D:4)
  A worker ant (D:4)
  4 adders
  An ooze (D:3)
  2 worms (D:2)
  5 orcs
  6 bats
  3 giant cockroaches
  8 goblins
  8 hobgoblins
  A ball python (D:3)
  2 giant geckos (D:3)
  8 giant newts (D:3)
  9 kobolds
  5 rats
65 creatures vanquished.

Notes
Turn   | Place    | Note
--------------------------------------------------------------
     0 | D:1      | Goblin1989 the Demonspawn Assassin began the quest for the Orb.
     0 | D:1      | Reached XP level 1. HP: 16/16 MP: 1/1
   252 | D:1      | Gained mutation: Your flesh is heat resistant. [demonic ancestry]
   252 | D:1      | Reached XP level 2. HP: 14/23 MP: 2/2
   440 | D:2      | Found a faded altar to an unknown god.
   459 | D:2      | Became a worshipper of Nemelex Xobeh the Trickster
   459 | D:2      | Received a gift from Nemelex Xobeh
   459 | D:2      | Reached * piety under Nemelex Xobeh
   722 | D:2      | Found a stormy altar of Qazlal.
   776 | D:2      | Gained mutation: You sometimes gain a little power by taking damage. [demonic ancestry]
   776 | D:2      | Reached XP level 3. HP: 16/29 MP: 3/3
   788 | D:2      | Reached skill level 1 in Evocations
   889 | D:2      | Found a burning altar of Makhleb.
  1013 | D:2      | Received a gift from Nemelex Xobeh
  1336 | D:3      | Gained mutation: You are immune to clouds of flame. [demonic ancestry]
  1336 | D:3      | Reached XP level 4. HP: 35/37 MP: 4/4
  1350 | D:3      | Reached skill level 4 in Fighting
  1366 | D:3      | Found a burning altar of Makhleb.
  1372 | D:3      | Found a shattered altar of Ashenzari.
  1489 | D:3      | Reached skill level 1 in Dodging
  1544 | D:3      | Reached XP level 5. HP: 32/42 MP: 6/6
  1707 | D:4      | Reached ** piety under Nemelex Xobeh
  1794 | D:4      | Slain by an orc

Action                   |  1- 3 |  4- 6 || total
-------------------------+-------+-------++-------
Melee: Dagger            |   162 |    60 ||   222
 Fire: Blowgun           |    18 |     1 ||    19
  Use: Scroll            |     1 |       ||     1
       Potion            |     1 |       ||     1
 Stab: Sleeping          |     4 |     3 ||     7
  Eat: Chunk             |     1 |     1 ||     2

Vault maps used:
D:1:      dpeg_arrival_tiny_f
D:2:      lemuel_crystal_altar, ecumenical_altar_1, bloody_makhleb
D:3:      amethyst_overflow_temple_binary, first_bread, minmay_lizard_king
D:4:      nicolae_ru_path_of_blood, nicolae_ossuary_entry_plus, serial_glass,
          glass_columns_a, glass_columns_a, glass_columns_a, glass_columns_a,
          glass_columns_b, glass_columns_a, glass_columns_a, glass_columns_a,
          glass_columns_a, glass_columns_b, glass_columns_c, glass_columns_a,
          glass_columns_a, glass_columns_c, feat_on_display, feat_on_display,
          due_unseen_surprise, item_on_display_b, nemelex_diamond_rough_becter
